 Dungeon Crawl Stone Soup version 0.31-a0-986-g5e6e4ef867 (webtiles) character file.

Game seed: 13059062278122315167

25 dal the Trooper (level 3, -1/29 HPs)
             Began as a Human Fighter on Nov 22, 2023.
             Slain by an iguana (5 damage)
             ... on level 4 of the Dungeon.
             The game lasted 00:06:07 (445 turns).

dal the Trooper (Human Fighter)                      Turns: 445, Time: 00:06:08

Health: -1/29      AC:  6    Str: 18    XL:     3   Next: 20%
Magic:  3/3        EV:  9    Int:  8    God:
Gold:   66         SH:  4    Dex: 12    Spells: 2/2 levels left

rFire   . . .        a - +0 long sword
rCold   . . .        c - +0 buckler
rNeg    . . .        b - +0 scale mail
rPois   .            (no helmet)
rElec   .            (no cloak)
rCorr   .            (no gloves)
SInv    .            (no boots)
Will    .....        (no amulet) Stlth
                     (no ring)
HPRegen 0.24/turn    (no ring)
MPRegen 0.08/turn

%: no passive effects
@: no status effects
A: no striking features
a: no special abilities


You were on level 4 of the Dungeon.
You visited 1 branch of the dungeon, and saw 4 of its levels.

You collected 66 gold pieces.

Inventory:

Hand Weapons
 a - a +0 long sword (weapon)
 e - a +0 war axe
Missiles
 g - 6 stones
Armour
 b - a +0 scale mail (worn)
 c - a +0 buckler (worn)
 i - a +0 pair of gloves
Scrolls
 f - 2 scrolls of identify {unknown}
 h - a scroll of revelation {unknown}
Potions
 d - a potion of might


   Skills:
 + Level 3.5 Fighting
 + Level 2.2 Long Blades
 + Level 3.3 Armour
 + Level 3.2 Shields


You had 2 spell levels left.
You didn't know any spells.
Your spell library was empty.

Dungeon Overview and Level Annotations

Branches:
Dungeon (4/15)
 Temple: D:4-7

Altars:
Uskayaw

Annotations:
D:3 Terence


Message History

A kobold, a hobgoblin and an endoplasm come into view.
The kobold shouts!
The hobgoblin shouts!
The endoplasm quivers.
A jelly comes into view.
A hound comes into view.
A ball python, an iguana and a hound come into view.
Found a yellow potion.
The ball python hisses angrily.
The iguana hisses angrily.
The hound barks!
The hobgoblin barely misses you.
There is an open door here.
You closely miss the ball python.
The hobgoblin hits you but does no damage.
The ball python closely misses you. The ball python grabs you.
The ball python constricts you. You block the hobgoblin's attack.
You hit the ball python.
You kill the ball python!
The hound barely misses you. You block the hound's attack.
The hobgoblin hits you.
You hit the endoplasm.
You kill the endoplasm!
The hound closely misses you.
The hobgoblin hits you but does no damage.
The hound barely misses you.
You hit the iguana.
The iguana is lightly wounded.
You block the hound's attack.
The iguana bites you but does no damage.
The hobgoblin hits you. The hound barely misses you.
The hobgoblin closely misses you. The iguana bites you!
You slash the iguana!
The iguana is severely wounded.
You block the hound's attack. The hound closely misses you.
The iguana bites you.
* * * LOW HITPOINT WARNING * * *
The hobgoblin barely misses you.
You completely miss the iguana.
The iguana is severely wounded.
The hound bites you.
* * * LOW HITPOINT WARNING * * *
The iguana bites you.
You die...

##.....##...#
#.......#...#
#.......'...#
#.......#...#
##.....##...#
####
##...###...#
#.!.## #####
#...##.....#
#...#hK.....
#...@lJ.....
#...#gh.....
#...##.....#
.....# #...##
####### ####


You could see an iguana, 2 hounds, a jelly, a hobgoblin and a kobold.

Vanquished Creatures
  An adder (D:3)
  A dart slug (D:1)
  A bat (D:1)
  4 endoplasms
  A hobgoblin (D:1)
  2 kobolds (D:1)
  A quokka (D:1)
  A ball python (D:4)
  A frilled lizard (D:1)
13 creatures vanquished.

Notes
Turn   | Place    | Note
-------+----------+-------------------------------------------
     0 | D:1      | dal the Human Fighter began the quest for the Orb.
     0 | D:1      | Reached XP level 1. HP: 18/18 MP: 1/1
   170 | D:1      | Reached XP level 2. HP: 21/24 MP: 2/2
   369 | D:2      | Found a hide-covered altar of Uskayaw.
   379 | D:3      | Reached XP level 3. HP: 22/29 MP: 3/3
   380 | D:3      | Noticed Terence
   445 | D:4      | Slain by an iguana

Illustrated notes

Levels and vault maps discovered:
D:1:      elethiomel_arrival_maze, layout_basic, nicolae_eternal_life,
          item_on_display_a
D:2:      layout_basic, basic_altar
D:3:      layout_rooms, gammafunk_ghost_arena, uniq_terence
D:4:      minmay_opposing_rooms, layout_basic, uniq_edmund

Action                     || total
---------------------------++-------
  Melee: Long sword        ||    48
 Armour: Scale mail        ||    64
  Dodge: Dodged            ||    35
  Block: Buckler           ||    17

Table legend: (Time is in decaauts)
 A = Elapsed time spent in this place.
 B = Non-inter-level travel time spent in this place.
 C = Inter-level travel time spent in this place.
 D = Time resting spent in this place.
 E = Time spent auto-exploring this place.
 F = Levels seen in this place.
 G = Mean time per level.
                   A        B        C        D        E       F      G
               +--------+--------+--------+--------+--------+-----+--------+
         Total |    460 |    139 |    321 |      0 |      0 |   4 |  115.0 |
       Dungeon |    460 |    139 |    321 |      0 |      0 |   4 |  115.0 |
               +--------+--------+--------+--------+--------+-----+--------+

Top non-repeatable levels by time:
     D:1: 376 daAuts
     D:4: 63 daAuts
     D:3: 12 daAuts
     D:2: 8 daAuts
